 Dungeon Crawl Stone Soup version 0.26-a0-597-gb535b0901c (webtiles) character file.

Game seed: 11897323354113572877

15 vurker the Grave Robber (level 2, 0/16 HPs)
             Began as a Tengu Necromancer on Sept 12, 2020.
             Slain by a worm (10 damage)
             ... on level 2 of the Dungeon.
             The game lasted 00:00:43 (1338 turns).

vurker the Grave Robber (Tengu Necromancer)         Turns: 1338, Time: 00:00:43

Health: 0/16       AC:  2    Str:  8    XL:     2   Next: 50%
Magic:  1/6        EV: 12    Int: 15    God:
Gold:   79         SH:  0    Dex: 14    Spells: 4/5 levels left

rFire    . . .     SeeInvis .   (no weapon)
rCold    . . .     Faith    .   (no shield)
rNeg     . . .     Spirit   .   a - +0 robe
rPois    .         Reflect  .   (helmet restricted)
rElec    .         Harm     .   (no cloak)
rCorr    .                      (no gloves)
MR       .....                  (boots unavailable)
Stlth    ++........             (no amulet)
HPRegen  0.05/turn              (no ring)
MPRegen  0.10/turn              (no ring)

@: no status effects
A: beak, talons 3
a: no special abilities


You were on level 2 of the Dungeon.
You visited 1 branch of the dungeon, and saw 2 of its levels.

You collected 79 gold pieces.

Inventory:

Armour
 a - a +0 robe (worn)
Scrolls
 c - a scroll of identify {unknown}
 d - a scroll of immolation {unknown}
 f - 2 scrolls of enchant armour {unknown}
 h - a scroll of magic mapping {unknown}
Potions
 b - a potion of curing {unknown}
 e - a potion of degeneration {unknown}
 g - a potion of invisibility {unknown}


   Skills:
 + Level 0.6 Fighting
 - Level 2.1 Dodging
 - Level 2.0 Stealth
 * Level 2.3 Spellcasting
 * Level 4.7 Necromancy


You had 4 spell levels left.
You knew the following spells:

 Your Spells              Type           Power        Failure   Level
a - Pain                  Necr           ###.         3%          1

Your spell library contained the following spells:

 Spells                   Type           Power        Failure   Level
 Animate Skeleton         Necr           ###...       3%          1
 Vampiric Draining        Necr           ###.......   10%         3
 Animate Dead             Necr           ###.......   30%         4
 Agony                    Necr           ###.....     65%         5


Dungeon Overview and Level Annotations

Branches:
Dungeon (2/15)

Altars:


Innate Abilities, Weirdness & Mutations

You have a beak for a mouth.
You have claws for feet.


Message History

A hobgoblin is nearby!
A hobgoblin is nearby!
Aim: a hobgoblin, wielding a +0 club (chance to defeat MR: 85%)
The hobgoblin barely resists.
Aim: a hobgoblin, wielding a +0 club (chance to defeat MR: 85%)
The hobgoblin writhes in agony.
Aim: a hobgoblin, wielding a +0 club (severely wounded, chance to defeat MR: 85%)
The hobgoblin writhes in agony.
You kill the hobgoblin!
You can't see any susceptible monsters within range! (Use Z to cast anyway.)
Found a stone staircase leading down.
Things that are here:
a +0 club; a hobgoblin corpse
Found a scroll labeled WYGUATW RION.
Found 15 gold pieces.
h - a scroll labeled WYGUATW RION You now have 79 gold pieces (gained 15).
There is a stone staircase leading down here.
You open the door.
Found a scroll labeled NUNLOQ VYOCEO.
There is an open door here.
f - 2 scrolls labeled NUNLOQ VYOCEO (gained 1)
There is an open door here.
Done exploring.
Done exploring.
Done exploring.
No target in view!
You see here a scale mail.
There is a stone staircase leading down here.
You climb downwards.
A worm comes into view.
There is a stone staircase leading up here.
A worm is nearby!
Aim: a worm (asleep, chance to defeat MR: 80%)
The worm writhes in agony.
Aim: a worm (lightly wounded, chance to defeat MR: 80%)
The worm writhes in agony.
Aim: a worm (lightly wounded, chance to defeat MR: 80%)
The worm writhes in agony.
Aim: a worm (moderately wounded, chance to defeat MR: 80%)
The worm writhes in agony.
Aim: a worm (heavily wounded, chance to defeat MR: 80%)
The worm writhes in agony.
Aim: a worm (severely wounded, chance to defeat MR: 80%)
The worm writhes in agony.
You don't have enough magic to cast that spell.
There is a stone staircase leading up here.
The worm bites you!
Ouch! That really hurt!
You die...

#.... #....
#...##
+.... #...#
#...# #...#
...####w..#
#....@..#
#.#######


You could see a worm.

Vanquished Creatures
  An ooze (D:1)
  2 leopard geckos (D:1)
  2 hobgoblins (D:1)
  A frilled lizard (D:1)
  4 rats (D:1)
10 creatures vanquished.

Notes
Turn   | Place    | Note
-------+----------+-------------------------------------------
     0 | D:1      | vurker the Tengu Necromancer began the quest for the Orb.
     0 | D:1      | Reached XP level 1. HP: 10/10 MP: 4/4
   605 | D:1      | Reached XP level 2. HP: 14/16 MP: 1/6
  1338 | D:2      | Slain by a worm

Illustrated notes

Levels and vault maps discovered:
D:1:      dpeg_arrival_tiny_g, layout_basic, kennysheep_another_room
D:2:      layout_basic, fedhas_altar_2

Action                   || total
-------------------------++-------
 Cast: Pain              ||    28
Dodge: Dodged            ||     8

Table legend: (Time is in decaauts)
 A = Elapsed time spent in this place.
 B = Non-inter-level travel time spent in this place.
 C = Inter-level travel time spent in this place.
 D = Time resting spent in this place.
 E = Time spent auto-exploring this place.
 F = Levels seen in this place.
 G = Mean time per level.
                   A        B        C        D        E       F      G
               +--------+--------+--------+--------+--------+-----+--------+
         Total |   1337 |   1322 |     15 |      0 |   1224 |   2 |  668.5 |
       Dungeon |   1337 |   1322 |     15 |      0 |   1224 |   2 |  668.5 |
               +--------+--------+--------+--------+--------+-----+--------+

Top non-repeatable levels by time:
     D:1: 1325 daAuts
     D:2: 12 daAuts
